 Dungeon Crawl Stone Soup version 0.30.1-3-gfc49f6343a (webtiles) character file.

Game seed: 5910446553257955992

15412 Wiggles the Severer (level 12, -12/110 HPs)
             Began as a Minotaur Berserker on July 28, 2023.
             Was a High Priest of Trog.
             Mangled by a skeletal warrior
             ... wielding a +0 halberd
              (13 damage)
             ... on level 12 of the Dungeon.
             The game lasted 00:19:12 (9893 turns).

Wiggles the Severer (Minotaur Berserker)            Turns: 9893, Time: 00:19:13

Health: -12/110    AC: 22    Str: 33    XL:     12   Next: 1%
Magic:  11/11      EV: 15    Int:  4    God:    Trog [*****.]
Gold:   517        SH:  5    Dex: 17    Spells: 11/11 levels left

rFire   + . .        j - +4 executioner's axe of Quick Death {drain, rF+ rC- rN+ Dex+3}
rCold   x . .        (shield currently unavailable)
rNeg    + . .        g - +0 plate armour
rPois   .            (helmet restricted)
rElec   .            O - +1 cloak {rCorr}
rCorr   +            u - +1 pair of gloves
SInv    +            M - +2 pair of boots of Miazyn {-Cast Will+ SInv Stlth+}
Will    .....        J - amulet of Talioxeo {Reflect Will- Dex+4 SH+5} Stlth
                     T - +6 ring of strength
HPRegen 0.38/turn    c - +5 ring of evasion
MPRegen 0.12/turn

%: no spellcasting, reflection
@: on berserk cooldown, slowed, very slow
A: horns 2, retaliatory headbutt
a: Renounce Religion, Berserk, Trog's Hand, Brothers in Arms


You were on level 12 of the Dungeon.
You worshipped Trog.
Trog was extremely pleased with you.
You visited 1 branch of the dungeon, and saw 12 of its levels.
You also visited: Bailey.

You collected 877 gold pieces.
You spent 360 gold pieces at shops.

Inventory:

Hand Weapons
 j - the +4 executioner's axe of Quick Death (weapon) {drain, rF+ rC- rN+ Dex+3}
   (You acquired it on level 7 of the Dungeon)

   Dex:       It affects your dexterity (+3).
   rF:        It protects you from fire.
   rC:        It makes you vulnerable to cold.
   rN:        It protects you from negative energy.
 D - a +1 battleaxe of electrocution
Missiles
 I - 17 boomerangs (quivered)
Armour
 g - a +0 plate armour (worn)
 u - a +1 pair of gloves (worn)
 M - the +2 pair of boots of Miazyn (worn) {-Cast Will+ SInv Stlth+}
   (You acquired it in a bailey)

   SInv:      It lets you see invisible.
   -Cast:     It prevents spellcasting.
   Will:      It increases your willpower.
   Stlth:     It makes you more stealthy.
 O - a +1 cloak of preservation (worn)
Jewellery
 c - a +5 ring of evasion (right hand)
 d - a ring of willpower
 l - an amulet of the acrobat
 x - a ring of protection from cold
 J - the amulet of Talioxeo (around neck) {Reflect Will- Dex+4 SH+5}
   (You acquired it in a bailey)

   [amulet of reflection]

   It reflects blocked missile attacks.
   Dex:       It affects your dexterity (+4).
   SH:        It affects your SH (+5).
   Will:      It decreases your willpower.
 P - a ring of protection from fire
 T - a +6 ring of strength (left hand)
Wands
 a - a wand of flame (24)
 o - a wand of paralysis (5)
 q - a wand of light (23)
 C - a wand of digging (12)
 R - a wand of roots (13)
Scrolls
 b - 3 scrolls of vulnerability
 i - 7 scrolls of fear
 k - 3 scrolls of magic mapping
 m - 3 scrolls of poison
 r - 3 scrolls of blinking
 v - 2 scrolls of enchant weapon
 y - 3 scrolls of torment
 G - a scroll of fog
 Q - 3 scrolls of teleportation
 S - a scroll of immolation {unknown}
Potions
 e - 3 potions of lignification
 f - 3 potions of brilliance
 h - 3 potions of might
 n - a potion of degeneration
 p - 2 potions of berserk rage
 s - 5 potions of curing
 t - 5 potions of invisibility
 w - 3 potions of cancellation
 z - 3 potions of heal wounds
 A - 3 potions of haste
 B - 2 potions of resistance {unknown}
 E - 2 potions of flight
 F - a potion of ambrosia {unknown}
 H - a potion of attraction {unknown}
 K - 4 potions of magic
Miscellaneous
 L - a condenser vane
 N - a piece from Xom's chessboard (15/15)


   Skills:
 + Level 11.4 Fighting
 + Level 17.6 Axes
 + Level 9.8 Armour
 + Level 3.0 Dodging
 + Level 1.2 Stealth
 + Level 4.4 Shields


You had 11 spell levels left.
You didn't know any spells.
Your spell library was empty.

Dungeon Overview and Level Annotations

Branches:
Dungeon (12/15)            Temple (0/1) D:6            Lair (0/5) D:9
    Orc (0/2) D:9          Bailey (visited)

Altars:
Ashenzari
Cheibriados
Elyvilon
Hepliaklqana
Kikubaaqudgha
Makhleb
Uskayaw
Vehumet
Wu Jian
The Shining One

Shops:
D:1 !   D:10 ([?=

Portals:
Trove: D:10 (give 2 scrolls of acquirement)


Innate Abilities, Weirdness & Mutations

You have a pair of horns on your head.
You reflexively headbutt those who attack you in melee.


Message History

You completely miss the skeletal warrior.
The skeletal warrior is moderately damaged.
You slash the skeletal warrior!
The skeletal warrior is heavily damaged.
The skeletal warrior hits you from afar with a +0 halberd!
The skeletal warrior hits you with a +0 halberd of freezing.
The skeletal warrior freezes you.
You slash the skeletal warrior!
The skeletal warrior is severely damaged.
You block the skeletal warrior's attack.
The skeletal warrior closely misses you.
You closely miss the skeletal warrior.
The skeletal warrior is severely damaged.
You block the skeletal warrior's attack.
The skeletal warrior hits you but does no damage.
You slice the skeletal warrior!!
You destroy the skeletal warrior!
Trog accepts your kill.
You have reached level 12!
You feel agile.
The skeletal warrior hits you from afar with a +0 glaive!
The skeletal warrior hits you but does no damage. x2
You see here a +0 halberd of freezing.
You closely miss the skeletal warrior.
The skeletal warrior hits you from afar with a +0 glaive!!
* * * LOW HITPOINT WARNING * * *
The skeletal warrior closely misses you.
You block the skeletal warrior's attack.
You barely miss the skeletal warrior.
You are no longer berserk.
You are exhausted.
You feel yourself slow down.
You slice the skeletal warrior!!
The skeletal warrior is heavily damaged.
The skeletal warrior completely misses you. x3
The skeletal warrior hits you from afar with a +0 glaive!!
* * * LOW HITPOINT WARNING * * *
The skeletal warrior closely misses you.
The skeletal warrior hits you with a +0 halberd!
You die...

#.#### #######+###
.....#######.........#
#.##.....<>#.......<.#
#.########.#.........#
#.# #.#.........# #.#
#.'.........# #.#
###.........# ..#
#####'##### .## #@#
#z#


#zz ##+# You could see 3 skeletal warriors.

Vanquished Creatures
  An orc warlord (Bailey)
  2 two-headed ogres (D:11)
  A boulder beetle (D:11)
  A skeletal warrior (D:12)
  2 orc knights (Bailey)
  Pikel (D:7)
  Maurice (D:8)
  A gargoyle (D:12)
  Maggie (D:7)
  A komodo dragon (D:7)
  4 trolls (D:9)
  The ghost of zimm66 the Firebug, an amateur HOFE (D:4)
  3 hornets
  Grinder (D:6)
  Sigmund (D:6)
  6 slime creatures (D:12)
  2 wraiths
  A vampire (D:12)
  12 yaks
  2 wyverns
  Menkaure (D:6)
  Edmund (D:6)
  A water moccasin (D:8)
  9 orc warriors
  2 black bears
  A sky beast (D:7)
  An ice beast (D:7)
  2 ogres
  2 centaurs
  2 lemures (D:7)
  A phantom (D:4)
  3 bullfrogs
  2 kobold brigands
  2 scorpions
  A gnoll sergeant (D:8)
  5 wights (D:5)
  4 killer bees
  4 howler monkeys
  7 hounds
  3 jellies (D:5)
  6 orc priests
  A gnoll bouda (D:7)
  Jessica (D:3)
  3 iguanas
  Natasha (thrice) (D:3)
  8 orc wizards
  17 gnolls
  5 adders
  A white imp (D:6)
  4 ufetubi
  2 worms
  4 dart slugs
  37 orcs
  8 bats
  7 endoplasms
  2 giant cockroaches (D:4)
  15 goblins
  4 hobgoblins
  4 quokkas
  5 ball pythons
  4 frilled lizards
  28 kobolds
  A rat (D:3)
269 creatures vanquished.

Notes
Turn   | Place    | Note
-------+----------+-------------------------------------------
     0 | D:1      | Wiggles the Minotaur Berserker began the quest for the Orb.
     0 | D:1      | Reached XP level 1. HP: 19/19 MP: 0/0
   290 | D:1      | Reached XP level 2. HP: 25/27 MP: 1/1
   308 | D:1      | Found a faded altar of an unknown god.
   395 | D:1      | Reached skill level 4 in Axes
   487 | D:1      | Found Sedwigorch's Distillery.
  1048 | D:2      | Reached XP level 3. HP: 34/34 MP: 2/2
  1341 | D:2      | Found a glowing golden altar of the Shining One.
  1532 | D:2      | Reached skill level 5 in Fighting
  1532 | D:2      | Reached XP level 4. HP: 34/42 MP: 3/3
  2015 | D:3      | Reached ** piety under Trog
  2175 | D:3      | Noticed Natasha
  2191 | D:3      | Killed Natasha
  2192 | D:3      | Reached skill level 1 in Shields
  2323 | D:3      | Reached XP level 5. HP: 48/48 MP: 4/4
  2447 | D:3      | Noticed Jessica
  2450 | D:3      | Killed Jessica
  2456 | D:3      | Noticed Natasha
  2475 | D:3      | Killed Natasha
  2476 | D:3      | Reached skill level 5 in Axes
  2523 | D:3      | Found an ornate altar of the Wu Jian Council.
  2636 | D:3      | Found an ancient bone altar of Kikubaaqudgha.
  2636 | D:3      | Found a snail-covered altar of Cheibriados.
  2636 | D:3      | Found a burning altar of Makhleb.
  2790 | D:3      | Noticed Natasha
  2800 | D:3      | Killed Natasha
  2929 | D:4      | Reached XP level 6. HP: 56/56 MP: 5/5
  3039 | D:4      | Found a runed translucent door.
  3040 | D:4      | Noticed zimm66's ghost (amateur HOFE)
  3049 | D:4      | Killed zimm66's ghost
  3050 | D:4      | Reached skill level 6 in Axes
  3142 | D:4      | Reached XP level 7. HP: 52/62 MP: 6/6
  3142 | D:4      | Found a glowing golden altar of the Shining One.
  3226 | D:4      | Reached skill level 5 in Armour
  3292 | D:4      | Found a hazy altar of Hepliaklqana.
  3294 | D:4      | Reached *** piety under Trog
  3306 | D:4      | Reached skill level 7 in Axes
  3497 | D:5      | Entered Level 5 of the Dungeon
  3737 | D:5      | Found a hide-covered altar of Uskayaw.
  3882 | D:5      | Reached skill level 8 in Axes
  3882 | D:5      | Reached XP level 8. HP: 70/70 MP: 7/7
  3951 | D:5      | Reached skill level 9 in Axes
  4501 | D:6      | Noticed Sigmund
  4510 | D:6      | Killed Sigmund
  4511 | D:6      | Reached skill level 10 in Axes
  4734 | D:6      | Noticed Menkaure
  4741 | D:6      | Killed Menkaure
  4742 | D:6      | Reached XP level 9. HP: 42/79 MP: 8/8
  4863 | D:6      | Noticed Grinder
  4869 | D:6      | Killed Grinder
  4869 | D:6      | Reached **** piety under Trog
  4870 | D:6      | Reached skill level 11 in Axes
  4913 | D:6      | Found a broken altar of Ashenzari.
  4927 | D:6      | Found a staircase to the Ecumenical Temple.
  4931 | D:6      | Noticed Edmund
  4935 | D:6      | Killed Edmund
  5419 | D:7      | Noticed a komodo dragon
  5427 | D:7      | Killed a komodo dragon
  5428 | D:7      | Reached skill level 12 in Axes
  5647 | D:7      | Noticed Pikel
  5661 | D:7      | Killed Pikel
  5768 | D:7      | Reached skill level 13 in Axes
  6007 | D:7      | Reached XP level 10. HP: 29/90 MP: 9/9
  6193 | D:7      | Found a white marble altar of Elyvilon.
  6204 | D:7      | Noticed Maggie
  6214 | D:7      | Killed Maggie
  6515 | D:7      | Identified a scroll of acquirement
  6515 | D:7      | Acquired the +4 executioner's axe of Quick Death {drain,
                  | rF+ rC- rN+ Dex+3}
  6558 | D:8      | Reached skill level 1 in Stealth
  6707 | D:8      | Found a flagged portal.
  6709 | D:8      | Noticed Maurice
  6736 | Bailey   | Entered a bailey
  6750 | Bailey   | Noticed an orc warlord
  6789 | Bailey   | Noticed an orc knight
  6801 | Bailey   | Killed an orc knight
  6802 | Bailey   | Reached skill level 14 in Axes
  6824 | Bailey   | Found a runed translucent gate.
  6826 | Bailey   | Found a runed translucent gate.
  6827 | Bailey   | Found a runed translucent gate.
  6855 | Bailey   | Noticed an orc knight
  6864 | Bailey   | Killed an orc knight
  6897 | Bailey   | Acquired the amulet of Talioxeo {Reflect Will- Dex+4 SH+5}
  7067 | Bailey   | Killed an orc warlord
  7068 | Bailey   | Reached skill level 15 in Axes
  7105 | Bailey   | Acquired the +2 pair of boots of Miazyn {-Cast Will+ SInv
                  | Stlth+}
  7129 | D:8      | Killed Maurice
  7338 | D:9      | Found a radiant altar of Vehumet.
  7367 | D:9      | Reached skill level 10 in Fighting
  7370 | D:9      | Reached XP level 11. HP: 89/99 MP: 10/10
  7500 | D:9      | Found a staircase to the Lair.
  7733 | D:9      | Found a staircase to the Orcish Mines.
  8237 | D:10     | Entered Level 10 of the Dungeon
  8237 | D:10     | Found Etwolir's Antique Armour Shop.
  8262 | D:10     | Reached skill level 16 in Axes
  8327 | D:10     | Found Cegha's Jewellery Shoppe.
  8442 | D:10     | Found Coeczaf's Antique Weapon Emporium.
  8738 | D:10     | Found Tecuw's Magic Scroll Shoppe.
  8762 | D:10     | Found a portal to a secret trove of treasure.
  8871 | D:10     | Bought a +6 ring of strength for 360 gold pieces
  9060 | D:11     | Noticed a boulder beetle
  9076 | D:11     | Killed a boulder beetle
  9129 | D:11     | Noticed a two-headed ogre
  9136 | D:11     | Killed a two-headed ogre
  9382 | D:11     | Noticed a two-headed ogre
  9386 | D:11     | Killed a two-headed ogre
  9436 | D:11     | Reached skill level 17 in Axes
  9532 | D:11     | Reached ***** piety under Trog
  9879 | D:12     | Noticed a skeletal warrior
  9879 | D:12     | Noticed a skeletal warrior
  9879 | D:12     | Noticed a skeletal warrior
  9879 | D:12     | Noticed a skeletal warrior
  9889 | D:12     | Killed a skeletal warrior
  9890 | D:12     | Reached XP level 12. HP: 71/110 MP: 11/11
  9893 | D:12     | HP: 1/110 [skeletal warrior/+0 glaive (24)]
  9893 | D:12     | Mangled by a skeletal warrior

Illustrated notes

Levels and vault maps discovered:
D:1:      evilmike_arrival_fibonacci_small, layout_basic, serial_shops,
          nicolae_shop_crystal, shapermc_ecumenical_altar_gd
D:2:      layout_basic, basic_altar
D:3:      layout_basic, gammafunk_temple_overflow_forgotten,
          pdpol_wu_jian_five_deadly_venoms, uniq_jessica, uniq_natasha
D:4:      layout_rooms, nicolae_hepliaklqana_hazy_memory,
          nicolae_tso_carved_into_rock, ebering_ghost_reflecting_pool
D:5:      wad_lake_hut, layout_loops_ring, nicolae_uskayaw_dance_hall
D:6:      layout_rooms, kennysheep_little_box, minmay_temple_entry_large_hall,
          uniq_menkaure, uniq_grinder, uniq_sigmund, uniq_edmund
D:7:      black_bear_nest_2, layout_cave_pods, elyvilon_altar_5,
          grunt_ministairs_15, uniq_pikel, uniq_maggie
D:8:      layout_rooms, enter_bailey_1, uniq_maurice
D:9:      minmay_spotlight, layout_basic, vehumet_crystals, lair_entry_dummy,
          hiddenorc1_lemuel
D:10:     layout_roguey, serial_shops, shop, nicolae_shop_tiny_statue_garden,
          nicolae_shop_tiny_waterfront, nicolae_stop_n_shop_1, enter_trove_1
D:11:     layout_roguey
D:12:     layout_roguey, patterned_corridor

Skill      XL: |  1  2  3  4  5  6  7  8  9 10 11 |
---------------+----------------------------------+-----
Fighting       | 4 5 6 7 8 10 11 | 11.4
Axes           | 4 5 6 8 10 13 15 17 | 17.6
Armour         | 3 4 5 6 7 8 9 |  9.8
Shields        | 1 2 3 4 |  4.4
Stealth        | 1 |  1.2
Dodging        | 3 |  3.0

Action                     |  1- 3 |  4- 6 |  7- 9 | 10-12 || total
---------------------------+-------+-------+-------+-------++-------
  Melee: Hand axe          |    81 |   129 |    12 |       ||   222
         Headbutt          |    17 |    18 |    26 |    37 ||    98
         Battleaxe         |       |       |   168 |     9 ||   177
         Executioner's axe |       |       |       |   209 ||   209
 Invoke: Berserk           |     1 |     1 |     3 |     4 ||     9
         Brothers in Arms  |       |       |       |     1 ||     1
    Use: Scroll            |       |       |    18 |     8 ||    26
 Armour: Chain mail        |    16 |       |       |       ||    16
         Plate armour      |    10 |    49 |   104 |    96 ||   259
  Dodge: Dodged            |    37 |    66 |   161 |   168 ||   432
  Block: Kite shield       |     5 |    40 |     5 |       ||    50
         Other             |       |       |       |    27 ||    27
